 Dungeon Crawl Stone Soup version 0.30-a0-743-gbfdf073431 (webtiles) character file.

Game seed: 6828304965511692866

557 jimonade the Magician (level 7, -6/45 HPs)
             Began as a Djinni Venom Mage on Feb 7, 2023.
             Mangled by a black bear (9 damage)
             ... on level 5 of the Dungeon on Feb 8, 2023.
             The game lasted 00:11:29 (4472 turns).

jimonade the Magician (Djinni Venom Mage)           Turns: 4472, Time: 00:11:29

Health: -6/45      AC:  4    Str:  9    XL:     7   Next: 56%
Gold:   212        EV: 13    Int: 16    God:
                   SH:  0    Dex: 23

rFire   + + .      SeeInvis .    a - +1 dagger (venom)
rCold   x . .      Faith    .    (no shield)
rNeg    . . .      Spirit   .    s - +1 robe of the Louse {Dex+3}
rPois   ∞          Reflect  .    z - +0 helmet
rElec   .          Harm     .    (no cloak)
rCorr   .          Rampage  .    (no gloves)
Will    .....                    (boots unavailable)
Stlth   ++                       (no amulet)
HPRegen 0.27/turn                o - +6 ring of dexterity
MPRegen 0.00/turn                (no ring)

@: flying
A: sickness immunity, fire resistance 2, cold vulnerability 1, float, innate
caster, HP casting, extra vitality 1
a: no special abilities


You were on level 5 of the Dungeon.
You visited 1 branch of the dungeon, and saw 5 of its levels.

You collected 212 gold pieces.

Inventory:

Hand Weapons
 a - a +1 dagger of venom (weapon)
 b - a +2 dagger of holy wrath
 l - a +0 hand axe
 y - a +0 short sword
 C - the +1 sling "Giantslayer" {freeze, rCorr}
   (You found it on level 4 of the Dungeon)

   rCorr:     It protects you from acid and corrosion.
Missiles
 e - 6 poisoned darts
 j - 2 curare-tipped darts
Armour
 d - a +0 robe
 f - a +0 ring mail
 n - the +1 leather armour of Xebufit {rPois}
   (You found it on level 2 of the Dungeon)

   rPois:     It protects you from poison.
 s - the +1 robe of the Louse (worn) {Dex+3}
   (You found it on level 2 of the Dungeon)

   Dex:       It affects your dexterity (+3).
 t - a +0 ring mail
 u - a +0 leather armour
 z - a +0 helmet (worn)
 B - a +0 leather armour of fire resistance
Jewellery
 o - a +6 ring of dexterity (left hand)
Scrolls
 c - 2 scrolls of silence {unknown}
 g - 4 scrolls of identify {unknown}
 k - 2 scrolls of fog {unknown}
 m - a scroll of fear {unknown}
 v - a scroll of torment {unknown}
 x - 2 scrolls of noise {unknown}
 D - 3 scrolls of enchant armour {unknown}
Potions
 h - 4 potions of degeneration {unknown}
 i - a potion of heal wounds {unknown}
 p - a potion of berserk rage {unknown}
 q - 2 potions of haste {unknown}
 r - 6 potions of curing {unknown}
 w - a potion of attraction {unknown}
 A - a potion of magic


   Skills:
 + Level 0.1 Fighting
 + Level 0.1 Throwing
 + Level 2.6 Dodging
 - Level 1.5 Stealth
 * Level 6.2 Spellcasting


You had 2 spell levels left.
You knew the following spells:

 Your Spells              Type           Power      Damage    Failure   Level
a - Sting                 Tmut/Pois      96%        1d7       1%          1
b - Poisonous Vapours     Pois/Air       48%        N/A       1%          2
c - Mephitic Cloud        Conj/Pois/Air  24%        N/A       3%          3
d - Olgreb's Toxic Radia  Pois           24%        N/A       11%         4
e - Necrotise             Necr           96%        1d8       1%          1
f - Lesser Beckoning      Tloc           48%        N/A       1%          2
g - Vhi's Electric Charg  Tloc/Air       48%        N/A       3%          3
Your spell library was empty.

Dungeon Overview and Level Annotations

Branches:
Dungeon (5/15)
 Temple: D:4-7

Altars:
Fedhas
Trog

Shops:
D:4 :

Annotations:
D:3 Grinder
D:5 Dowan


Innate Abilities, Weirdness & Mutations

You are immune to sickness and miasma.
You are immune to poison.
Your flesh is very heat resistant. (rF++)
You are vulnerable to cold. (rC-)
You float through the air rather than walking.
You learn spells naturally, not from books.
Your magical power is your life essence.
You have superior vitality. (+4 MHP)


Message History

Aim: a black bear (moderately wounded, very poisoned, 82% to hit)
The sting hits the black bear.
The black bear looks even sicker.
The black bear is heavily wounded.
The black bear bites you. The black bear completely misses you.
The black bear closely misses you.
Aiming: Sting (safe; 1% risk of failure)
Press: ? - help, Q - select action, (/) - cycle Shift-Dir - straight line, f/p - black bear
Aim: a black bear (heavily wounded, very poisoned, 82% to hit)
The sting hits the black bear.
The black bear looks as sick as possible!
The black bear is severely wounded.
The black bear bites you but does no damage.
The black bear closely misses you. The black bear claws you.
Aiming: Sting (safe; 1% risk of failure)
Press: ? - help, Q - select action, (/) - cycle Shift-Dir - straight line, f/p - black bear
Aim: a black bear (severely wounded, extremely poisoned, 82% to hit)
The sting hits the black bear but does no damage.
The black bear looks as sick as possible!
The black bear is severely wounded.
The black bear goes berserk!
Aiming: Sting (safe; 1% risk of failure)
Press: ? - help, Q - select action, (/) - cycle Shift-Dir - straight line, f/p - black bear
Aim: a black bear (severely wounded, berserk, extremely poisoned, 82% to hit)
The sting misses the black bear.
The black bear bites you.
* * * LOW HITPOINT WARNING * * *
The black bear closely misses you. x2
Aiming: Sting (safe; 1% risk of failure)
Press: ? - help, Q - select action, (/) - cycle Shift-Dir - straight line, f/p - black bear
Aim: a black bear (almost dead, berserk, extremely poisoned, 82% to hit)
The sting hits the black bear but does no damage.
The black bear looks as sick as possible!
The black bear is almost dead.
* * * LOW HITPOINT WARNING * * *
The black bear bites you!
* * * LOW HITPOINT WARNING * * *
The black bear claws you.
* * * LOW HITPOINT WARNING * * *
The black bear barely misses you. The black bear bites you!
You die...

#.#.### .##
#.#.# # #.#.#
#.#.# #.#.#
#.#.# #.#.#
####...####.
#...@h.>...#
#....##..###.#
#...~ ###
#..~~ #...#
#...~ #...~
#..~r


You could see a black bear (berserk, extremely poisoned).

Vanquished Creatures
  An orc warrior (D:5)
  An ogre (D:5)
  A scorpion (D:5)
  A jelly (D:5)
  2 hounds (D:4)
  2 iguanas (D:5)
  2 orc wizards (D:5)
  5 adders
  An ufetubus (D:4)
  A worm (D:2)
  A dart slug (D:3)
  4 orcs
  10 endoplasms
  3 giant cockroaches (D:3)
  7 goblins
  5 hobgoblins
  6 jackals
  9 quokkas
  7 ball pythons
  2 bats
  2 frilled lizards (D:1)
  5 kobolds
  4 rats
82 creatures vanquished.

Notes
Turn   | Place    | Note
-------+----------+-------------------------------------------
     0 | D:1      | jimonade the Djinni Venom Mage began the quest for the Orb.
     0 | D:1      | jimonade set off with the following spells memorised:
                  | Sting, Poisonous Vapours, Mephitic Cloud, Olgreb's Toxic
                  | Radiance.
     0 | D:1      | Reached XP level 1. HP: 15/15 MP: 0/0
   145 | D:1      | Reached XP level 2. HP: 12/21 MP: 0/0
   393 | D:1      | Reached skill level 3 in Spellcasting
   542 | D:1      | Reached XP level 3. HP: 22/25 MP: 0/0
   542 | D:1      | Learned a level 1 spell: Necrotise
  1277 | D:2      | Identified the +1 leather armour of Xebufit {rPois}
  1443 | D:2      | Found a faded altar of an unknown god.
  1596 | D:2      | Reached XP level 4. HP: 26/31 MP: 0/0
  1853 | D:2      | Identified the +1 robe of the Louse {Dex+3}
  2550 | D:3      | Found a bloodstained altar of Trog.
  2828 | D:3      | Reached skill level 4 in Spellcasting
  2899 | D:3      | Noticed Grinder
  2904 | D:3      | Reached XP level 5. HP: 32/35 MP: 0/0
  2904 | D:3      | Learned a level 2 spell: Lesser Beckoning
  2927 | D:3      | Paralysed by Grinder for 3 turns
  3417 | D:4      | Noticed a phantom
  3450 | D:4      | Found Summ's Book Shoppe.
  3664 | D:4      | Reached XP level 6. HP: 31/40 MP: 0/0
  3708 | D:4      | Found a blossoming altar of Fedhas.
  3714 | D:4      | Identified the +1 sling "Giantslayer" {freeze, rCorr}
  3929 | D:5      | Entered Level 5 of the Dungeon
  3962 | D:5      | Noticed an orc warrior
  3969 | D:5      | Reached skill level 5 in Spellcasting
  3996 | D:5      | Killed an orc warrior
  3997 | D:5      | Reached XP level 7. HP: 9/45 MP: 0/0
  3997 | D:5      | Learned a level 3 spell: Vhi's Electric Charge
  4194 | D:5      | Reached skill level 6 in Spellcasting
  4395 | D:5      | Noticed Dowan
  4472 | D:5      | Mangled by a black bear

Illustrated notes

Levels and vault maps discovered:
D:1:      lightli_arrival_farm, layout_loops_ring
D:2:      layout_loops_corners, ebering_ecumenical_altar_abandoned,
          serial_forest, infiniplex_forest_lined_room_,
          infiniplex_forest_clump_diagonal, infiniplex_forest_clump_curved,
          infiniplex_forest_lined_corner, infiniplex_forest_corner_1
D:3:      layout_rooms, trog_book, kennysheep_big_empty_room, uniq_grinder
D:4:      layout_gridville, lemuel_tele_altar, serial_shops,
          nicolae_shop_temple_entry_statues_fountains, st_stairs_6
D:5:      layout_loops_ring, vehumet_crystals, mainiacjoe_overflow_boulevard,
          nemelex_xobeh_ov_fountains_minmay, minmay_temple_entry_wispy,
          lightli_sewer_entry_pipes, minmay_fractal_squares_diagonal_5,
          uniq_duvessa

Skill      XL: |  1  2  3  4  5  6  7 |
---------------+----------------------+-----
Spellcasting   | 3 4 5 6 |  6.2
Fighting       | |  0.1
Throwing       | |  0.1
Dodging        | |  2.6
Stealth        | |  1.5

Action                     |  1- 3 |  4- 6 |  7- 9 || total
---------------------------+-------+-------+-------++-------
  Melee: Hand axe          |     8 |       |       ||     8
         Short sword       |       |    13 |       ||    13
         Dagger            |       |     2 |    14 ||    16
  Throw: Dart              |       |     3 |       ||     3
   Cast: Sting             |    74 |   106 |    24 ||   204
         Mephitic Cloud    |       |       |     3 ||     3
         Vhi's Electric Ch |       |       |     2 ||     2
   Stab: Confused          |       |       |     3 ||     3
 Armour: Robe              |     3 |    13 |     6 ||    22
  Dodge: Dodged            |    28 |    62 |    25 ||   115

Table legend: (Time is in decaauts)
 A = Elapsed time spent in this place.
 B = Non-inter-level travel time spent in this place.
 C = Inter-level travel time spent in this place.
 D = Time resting spent in this place.
 E = Time spent auto-exploring this place.
 F = Levels seen in this place.
 G = Mean time per level.
                   A        B        C        D        E       F      G
               +--------+--------+--------+--------+--------+-----+--------+
         Total |   4472 |   4270 |    202 |    453 |   2743 |   5 |  894.4 |
       Dungeon |   4472 |   4270 |    202 |    453 |   2743 |   5 |  894.4 |
               +--------+--------+--------+--------+--------+-----+--------+

Top non-repeatable levels by time:
     D:2: 1406 daAuts
     D:1: 1196 daAuts
     D:4: 1059 daAuts
     D:3: 536 daAuts
     D:5: 273 daAuts
